 Dungeon Crawl Stone Soup version 0.28.0-53-g5a82cb258f (webtiles) character file.

Game seed: 4324094735754785650

87 Kaptain the Digger (level 4, -6/26 HPs)
             Began as a Gargoyle Earth Elementalist on July 15, 2022.
             Mangled by an orc priest
             ... wielding a +0 flail
              (7 damage)
             ... on level 3 of the Dungeon.
             The game lasted 00:05:22 (3193 turns).

Kaptain the Digger (Gargoyle Earth Elementalist)    Turns: 3193, Time: 00:05:23

Health: -6/26      AC:  6    Str: 12    XL:     4   Next: 51%
Magic:  0/7        EV: 11    Int: 17    God:
Gold:   64         SH:  0    Dex: 10    Spells: 4/8 levels left

rFire   . . .      SeeInvis .   f - +0 hand axe
rCold   . . .      Faith    .   (no shield)
rNeg    + . .      Spirit   .   m - +0 leather armour
rPois   ∞          Reflect  .   (no helmet)
rElec   +          Harm     .   (no cloak)
rCorr   .          Rampage  .   (no gloves)
Will    .....                   (no boots)
Stlth   ++........              (no amulet)
HPRegen 0.08/turn               (no ring)
MPRegen 0.10/turn               (no ring)

@: mighty, flying
A: sickness immunity, AC +3, negative energy resistance 1, electricity
resistance, torment resistance 1, petrification resistance
a: no special abilities


You were on level 3 of the Dungeon.
You visited 1 branch of the dungeon, and saw 3 of its levels.

You collected 64 gold pieces.

Inventory:

Hand Weapons
 f - a +0 hand axe (weapon)
 i - a +0 hunting sling
Missiles
 p - 33 stones
Armour
 m - a +0 leather armour (worn)
Scrolls
 c - a scroll of enchant weapon {unknown}
 e - a scroll of fog {unknown}
 g - a scroll of fear {unknown}
 n - 2 scrolls of teleportation {unknown}
 o - a scroll of enchant armour {unknown}
Potions
 d - a potion of lignification
 h - a potion of haste


   Skills:
 * Level 1.7 Fighting
 + Level 1.0 Armour
 - Level 1.5 Dodging
 + Level 2.7 Stealth
 * Level 2.5 Spellcasting
 * Level 1.8 Conjurations
 - Level 0.7 Transmutations
 * Level 4.2 Earth Magic


You had 4 spell levels left.
You knew the following spells:

 Your Spells              Type           Power      Damage    Failure   Level
a - Sandblast             Erth           32%        2d9       4%          1
b - Stone Arrow           Conj/Erth      24%        3d8       21%         3

Your spell library contained the following spells:

 Spells                   Type           Power      Damage    Failure   Level
 Passwall                 Tmut/Erth      8%         N/A       13%         2
 Corpse Rot               Necr/Air       4%         N/A       34%         2
 Petrify                  Tmut/Erth      10%        N/A       63%         4
 Dispel Undead            Necr           2%         3d7       93%         4
 Death Channel            Necr           1%         N/A       100%        6


Dungeon Overview and Level Annotations

Branches:
Dungeon (3/15)

Altars:
Dithmenos

Shops:
D:2 *


Innate Abilities, Weirdness & Mutations

You are immune to sickness and miasma.
Your stone body is resilient. (AC +3)
You are immune to poison.
You resist negative energy. (rN+)
You are resistant to electric shocks. (rElec)
You are resistant to unholy torment.
You are immune to petrification.


Message History

You hit the orc priest.
The orc priest is severely wounded.
The orc priest hits you with a +0 flail.
You barely miss the orc priest.
The orc priest is severely wounded.
The orc priest barely misses you.
You closely miss the orc priest.
The orc priest is severely wounded.
The orc priest barely misses you.
The orc priest calls down the wrath of Beogh upon you.
Beogh smites you!
Ouch! That really hurt!
* * * LOW HITPOINT WARNING * * *
Your magical contamination has completely faded away.
Unknown command.
Casting: Sandblast (safe; 4% risk of failure)
Confirm with . or Enter, or press ? or * to list all spells.
Aiming: Sandblast (safe; 4% risk of failure)
Press: ? - help, Shift-Dir - straight line, f/p - orc priest
Aim: an orc priest, wielding a +0 flail and wearing a +0 scale mail (severely wounded, 82% to hit)
The blast of sand hits the orc priest but does no damage.
The orc priest is severely wounded.
The orc priest barely misses you.
Okay, then.
You aren't carrying any items that you can evoke.
Unknown command.
It was a potion of curing.
You feel better.
The orc priest hits you with a +0 flail.
You barely miss the orc priest.
The orc priest is severely wounded.
The orc priest hits you with a +0 flail!
* * * LOW HITPOINT WARNING * * *
It was a potion of flight.
You feel very buoyant.
You fly up into the air.
The orc priest hits you but does no damage.
It was a potion of might.
You feel very mighty all of a sudden.
The orc priest hits you with a +0 flail!
You die...

.......... .........##
#.......... #.........#
#.........##
#..........######
#...##.)#......# #.....o@<#
#........# ##........#
#..Z....#
...####......$..######.......
.....)).............g.......
.#...##.....###.#####......
#...........##.# ...>. #
...........##.# #... ..
#.##......#..#.# ##..# ..#


You could see an orc priest.

Vanquished Creatures
  An adder (D:3)
  2 worms (D:2)
  5 dart slugs
  3 orcs (D:3)
  7 ball pythons
  4 bats
  2 endoplasms (D:1)
  3 giant cockroaches
  6 goblins
  6 hobgoblins
  5 quokkas
  3 frilled lizards
  4 kobolds
  4 rats
55 creatures vanquished.

Notes
Turn   | Place    | Note
-------+----------+-------------------------------------------
     0 | D:1      | Kaptain the Gargoyle Earth Elementalist began the quest for
                  | the Orb.
     0 | D:1      | Reached XP level 1. HP: 10/10 MP: 3/3
   216 | D:1      | Reached XP level 2. HP: 16/16 MP: 0/5
   352 | D:1      | Reached skill level 1 in Conjurations
  1136 | D:1      | Reached XP level 3. HP: 20/20 MP: 6/6
  1347 | D:2      | Reached skill level 1 in Fighting
  1429 | D:2      | Reached skill level 4 in Earth Magic
  1766 | D:1      | Learned a level 3 spell: Stone Arrow
  2317 | D:2      | Found a shadowy altar of Dithmenos.
  2478 | D:2      | You fall into a shaft and drop 1 floor!
  2478 | D:3      | Found a faded altar of an unknown god.
  2504 | D:3      | Reached XP level 4. HP: 23/25 MP: 1/7
  2806 | D:2      | Found Kiawirus's Assorted Antiques.
  3001 | D:3      | Reached skill level 1 in Armour
  3188 | D:3      | HP: 1/26 [orc priest/divine providence (14)]
  3193 | D:3      | Mangled by an orc priest

Illustrated notes

Levels and vault maps discovered:
D:1:      scummos_arrival_simple_fountains, layout_basic,
          palyth_stone_intersect, nicolae_figureground_sparkle
D:2:      layout_loops_ring, serial_shops, shop, basic_altar
D:3:      layout_rooms, serial_shops, nicolae_shop_window_shopping,
          ebering_ecumenical_altar_rust, minmay_crystal_room

Skill      XL: |  1  2  3  4 |
---------------+-------------+-----
Conjurations   | 1 |  1.8
Fighting       | 1 |  1.7
Earth Magic    | 4 |  4.2
Armour         | 1 |  1.0
Dodging        | |  1.5
Stealth        | |  2.7
Spellcasting   | |  2.5
Transmutations | |  0.7

Action                   |  1- 3 |  4- 6 || total
-------------------------+-------+-------++-------
Melee: Hand axe          |    53 |    18 ||    71
       Punch             |     1 |       ||     1
 Cast: Sandblast         |    34 |     6 ||    40
       Stone Arrow       |     7 |     8 ||    15
  Use: Scroll            |       |     3 ||     3
       Potion            |       |     3 ||     3
 Stab: Sleeping          |     2 |       ||     2
Armor: Robe              |    25 |       ||    25
       Leather armour    |     9 |     9 ||    18
Dodge: Dodged            |    38 |    13 ||    51
